 Dungeon Crawl Stone Soup version 0.21-a0-529-g8c7b3f5 (webtiles) character file.

3767 slep the Cleaver (level 10, -1/51 HPs)
             Began as a Vine Stalker Gladiator on Dec 10, 2017.
             Was a Follower of Okawaru.
             Slain by a death yak (17 damage)
             ... on level 7 of the Dungeon.
             The game lasted 00:24:20 (5617 turns).

slep the Cleaver (Vine Stalker Gladiator)           Turns: 5617, Time: 00:24:21

Health: -1/51      AC: 16    Str: 18    XL:     10   Next: 16%
Magic:  0/11       EV: 10    Int:  8    God:    Okawaru [*.....]
Gold:   429        SH:  9    Dex: 18    Spells: 9/9 levels left

rFire    + . .     SeeInvis .   a - +0 war axe
rCold    . . .     Gourm    .   F - +0 shield
rNeg     + . .     Faith    .   t - +3 scale mail {rN+}
rPois    .         Spirit   +   h - +2 helmet
rElec    .         Reflect  .   (no cloak)
rCorr    .         Harm     .   (no gloves)
MR       +....                  (no boots)
Stlth    +.........             P - amulet of regeneration
HPRegen  0.97/turn              B - +3 ring of protection
MPRegen  0.12/turn              H - ring of protection from fire

@: no status effects
A: fangs 3, regeneration 1, magic shield, antimagic bite, no potion heal 3, rot
immunity
a: Heroism, Renounce Religion


You were on level 7 of the Dungeon.
You worshipped Okawaru.
Okawaru was aware of your devotion.
You were not hungry.

You visited 2 branches of the dungeon, and saw 9 of its levels.

You collected 429 gold pieces.

Inventory:

Hand Weapons
 a - a +0 war axe (weapon)
 y - a +2 antimagic spear
 E - a +2 whip of holy wrath
 Q - a +4 blowgun
Missiles
 d - 2 throwing nets (quivered)
 A - 4 tomahawks
 L - 7 javelins
Armour
 b - a +0 leather armour
 c - a +0 helmet
 h - a +2 helmet (worn)
 t - a +3 scale mail of positive energy (worn)
 F - a +0 shield (worn)
 N - a +1 robe of magic resistance
Jewellery
 s - an uncursed amulet of magic regeneration
 B - a +3 ring of protection (left hand)
 G - an uncursed ring of magical power
 H - a ring of protection from fire (right hand)
 P - an amulet of regeneration (around neck)
 S - a +5 amulet of reflection
Wands
 v - a wand of paralysis (13)
 w - a wand of flame (39)
 z - a wand of polymorph (10)
 R - a wand of acid (16)
Scrolls
 e - 2 scrolls of fog {unknown}
 j - 3 scrolls of remove curse {unknown}
 k - 3 scrolls of teleportation {unknown}
 l - 7 scrolls of identify {unknown}
 n - 2 scrolls of magic mapping {unknown}
 o - a scroll of blinking {unknown}
 p - 3 scrolls of amnesia {unknown}
 u - 2 scrolls of random uselessness {unknown}
 x - a scroll of noise {unknown}
 D - 2 scrolls of enchant weapon {unknown}
 M - a scroll of acquirement {unknown}
Potions
 m - a potion of magic {unknown}
 q - a potion of heal wounds {unknown}
 r - a potion of might {unknown}
 C - a potion of haste {unknown}
 I - 2 potions of lignification {unknown}
 K - 4 potions of curing
 O - a potion of ambrosia {unknown}
Comestibles
 f - 4 bread rations
 g - 4 meat rations
 i - a royal jelly
 J - a fruit


   Skills:
 + Level 5.3 Fighting
 + Level 9.4 Axes
 + Level 2.1 Throwing
 + Level 4.8 Armour
 + Level 4.4 Dodging
 + Level 2.9 Stealth
 + Level 3.1 Shields


You had 9 spell levels left.
You didn't know any spells.

Dungeon Overview and Level Annotations

Branches:
Dungeon (8/15)             Temple (1/1) D:5
   Lair: D:8-11

Altars:
Ashenzari
Cheibriados
Dithmenos
Elyvilon
Fedhas
Gozag
Hepliaklqana
Kikubaaqudgha
Makhleb
Okawaru
Qazlal
Ru
Sif Muna
Trog
Uskayaw
Vehumet
Wu Jian
Xom
Yredelemnul
Zin
The Shining One

Shops:
D:7 =

Annotations:
D:4 Grinder, Sigmund


Innate Abilities, Weirdness & Mutations

You have razor-sharp teeth.
Your natural rate of healing is unusually fast.
When hurt, damage is shared between your health and your magic reserves.
Your bite disrupts and absorbs the magic of your enemies.
Potions cannot restore your health.
You are immune to rotting.


Message History

The death yak is severely wounded.
The death yak completely misses you.
You slash the death yak!
The death yak is severely wounded.
The death yak gores you but does no damage.
You hit the death yak but do no damage. Your bite misses the death yak.
The death yak is severely wounded.
The death yak gores you!
* * * LOW HITPOINT WARNING * * *
You barely miss the death yak.
You bite the death yak, but do no damage.
The death yak is severely wounded.
The death yak gores you but does no damage.
You barely miss the death yak.
You bite the death yak, but do no damage.
The death yak is severely wounded.
The death yak gores you!
* * * LOW HITPOINT WARNING * * *
The death yak gores you!!
You die...

#..#####.# ### #.>......
##.[.###.# #####....
###..##.# #....### ##.##.#
############.#### # #..#.#
#............# ## ## ##...#
#..........######.# .#
##..###
#...........'.##f#ยง .#
#....####....>......#.#####
.#
#.##.#....@Y.......##..._#f
.#
#.##...#####.###..####.8.##
.# #.##..######.#
##.####_..## .## #..#..#
#....# #....###... ..#
##....# #....# #.)[..####'
#.#### ####.# #....#
##.)....#.. .....#
#.###<...# #..[......
.....# #..##....#
#........< .....#
##.##....#######.......


You could see a death yak.

Vanquished Creatures
  A two-headed ogre (D:8)
  A death yak (D:7)
  Pikel (D:5)
  A hippogriff (D:7)
  A hornet zombie (D:6)
  An orc warrior (D:7)
  A black bear (D:8)
  An ogre (D:4)
  A phantom (D:4)
  A centaur (D:5)
  A gnoll sergeant (D:6)
  A bullfrog (D:7)
  A scorpion (D:8)
  10 crimson imps
  A centaur zombie (D:6)
  4 hounds
  2 jellies
  An orc priest (D:5)
  A gnoll shaman (D:5)
  An iguana (D:5)
  3 orc wizards
  A worker ant (D:5)
  A killer bee zombie (D:7)
  A hound zombie (D:7)
  3 hound skeletons
  Robin (D:4)
  13 gnolls
  6 adders
  2 shadow imps (D:7)
  An ooze (D:3)
  An adder skeleton (D:8)
  An adder zombie (D:6)
  4 worms
  A leopard gecko (D:2)
  25 orcs
  2 ball pythons (D:3)
  6 giant cockroaches
  18 goblins
  15 hobgoblins
  15 jackals
  9 kobolds
  2 quokkas
  8 bats
  5 frilled lizards
  A goblin zombie (D:5)
  A jackal skeleton (D:5)
  A quokka skeleton (D:4)
  6 rats
  A rat zombie (D:5)
187 creatures vanquished.

Notes
Turn   | Place    | Note
-------+----------+-------------------------------------------
     0 | D:1      | slep the Vine Stalker Gladiator began the quest for the Orb.
     0 | D:1      | Reached XP level 1. HP: 11/11 MP: 2/2
   104 | D:1      | Reached skill level 3 in Axes
   155 | D:1      | Reached XP level 2. HP: 5/15 MP: 1/3
   834 | D:2      | Reached XP level 3. HP: 18/18 MP: 4/4
   957 | D:2      | Gained mutation: Your natural rate of healing is unusually fast. [Vine Stalker growth]
   957 | D:2      | Reached XP level 4. HP: 22/23 MP: 5/5
   966 | D:2      | Reached skill level 4 in Axes
  1314 | D:2      | Reached XP level 5. HP: 20/26 MP: 6/6
  1327 | D:2      | Found a glowing golden altar of the Shining One.
  1412 | D:2      | Reached skill level 1 in Stealth
  1449 | D:2      | Reached skill level 1 in Armour
  2215 | D:4      | Noticed an ogre
  2221 | D:4      | Killed an ogre
  2221 | D:4      | Reached XP level 6. HP: 24/32 MP: 7/7
  2243 | D:4      | Noticed Robin
  2248 | D:4      | Reached skill level 5 in Axes
  2272 | D:4      | Killed Robin
  2694 | D:4      | Noticed a phantom
  2720 | D:4      | Noticed Sigmund
  2731 | D:4      | Killed a phantom
  2731 | D:4      | Reached XP level 7. HP: 18/35 MP: 8/8
  2822 | D:4      | Noticed Grinder
  2826 | D:5      | Entered Level 5 of the Dungeon
  3207 | D:5      | Found a staircase to the Ecumenical Temple.
  3215 | Temple   | Entered the Ecumenical Temple
  3441 | D:5      | Reached skill level 6 in Axes
  3591 | D:5      | Noticed Pikel
  3615 | D:5      | Killed Pikel
  3615 | D:5      | Reached skill level 7 in Axes
  3615 | D:5      | Gained mutation: You have razor-sharp teeth. [Vine Stalker growth]
  3615 | D:5      | Reached XP level 8. HP: 33/41 MP: 9/9
  4583 | D:7      | Found a basalt altar of Yredelemnul.
  4610 | D:7      | Noticed a hippogriff
  4617 | D:7      | Reached XP level 9. HP: 38/46 MP: 8/10
  4624 | D:7      | Reached skill level 1 in Shields
  4785 | D:7      | Reached skill level 8 in Axes
  4909 | D:7      | Found a shimmering altar of Xom.
  4910 | D:7      | Found a hazy altar of Hepliaklqana.
  4910 | D:7      | Noticed a thorn hunter
  4911 | D:7      | Noticed a spectral ugly thing
  4911 | D:7      | Noticed a thorn hunter
  4934 | D:7      | Found Apuc's Jewellery Shop.
  5114 | D:7      | Reached skill level 5 in Fighting
  5309 | D:8      | Found an ancient bone altar of Kikubaaqudgha.
  5321 | D:8      | Found an iron altar of Okawaru.
  5325 | D:8      | Became a worshipper of Warmaster Okawaru
  5331 | D:8      | Found a bloodstained altar of Trog.
  5334 | D:8      | Found a radiant altar of Vehumet.
  5423 | D:8      | Noticed a two-headed ogre
  5429 | D:8      | Killed a two-headed ogre
  5429 | D:8      | Reached skill level 9 in Axes
  5466 | D:8      | Noticed a death yak
  5467 | D:8      | Noticed a death yak
  5471 | D:8      | Noticed a death yak
  5544 | D:7      | Killed a death yak
  5544 | D:7      | Reached * piety under Okawaru
  5544 | D:7      | Reached XP level 10. HP: 23/51 MP: 6/11
  5617 | D:7      | Slain by a death yak

Vault maps used:
D:1:      lordsloth_arrival_two_stooges
D:2:      nicolae_overflow_hidden_temple, kennysheep_generic_room_10
D:3:      first_bread
D:4:      nemelex_xobeh_ov_fountains_minmay, uniq_grinder, uniq_robin,
          uniq_sigmund
D:5:      minmay_temple_entry_mist, enter_ossuary_4, uniq_pikel
D:7:      regret_index_temple_of_mockery, yredelemnul_altar_generic,
          serial_shops, kennysheep_little_box, minmay_nine_imps
D:8:      lemuel_ratsnest, grunt_temple_overflow_cloverleaf, dpeg_lair_monsters,
          blue_anna_alchemist, nrook_mini_backslash, uniq_maurice
Temple:   nicolae_temple_figure_eight

Skill      XL: |  1  2  3  4  5  6  7  8  9 |
---------------+----------------------------+-----
Axes           | 3 4 5 7 9 |  9.4
Fighting       | 2 3 4 5 |  5.3
Stealth        | 1 2 |  2.9
Armour         | 1 3 4 |  4.8
Dodging        | 3 4 |  4.4
Shields        | 3 |  3.1
Throwing       | 2 |  2.1

Action                   |  1- 3 |  4- 6 |  7- 9 | 10-12 || total
-------------------------+-------+-------+-------+-------++-------
Melee: War axe           |    78 |   205 |   345 |    16 ||   644
       Bite              |     9 |    69 |   115 |     9 ||   202
Throw: Throwing net      |       |     1 |     1 |       ||     2
       Tomahawk          |       |       |     1 |       ||     1
 Stab: Sleeping          |     1 |     3 |       |       ||     4
       Distracted        |     1 |       |       |       ||     1
       Held in net/web   |       |     1 |     1 |       ||     2
  Eat: Chunk             |       |     5 |    11 |       ||    16
Armor: Leather armour    |    23 |    46 |       |       ||    69
       Scale mail        |       |    46 |   185 |     4 ||   235
Dodge: Dodged            |    56 |   142 |   190 |     3 ||   391
Block: Shield            |       |       |    97 |     3 ||   100

Table legend:
 A = Spawn XP
 B = Non-spawn XP
 C = Spawn XP percentage of total XP
 D = Spawn monster count
 E = Non-spawn monster count
 F = Spawn count percentage of total count
 G = Total turns spent on level
                    A         B        C        D         E        F      G
               +---------+---------+-------+---------+---------+-------+---------
         Total |       0 |    5382 |   0.0 |       0 |     187 |   0.0 |  5617
               +---------+---------+-------+---------+---------+-------+---------
           D:1 |       0 |      28 |   0.0 |       0 |      17 |   0.0 |   825
           D:2 |       0 |     151 |   0.0 |       0 |      35 |   0.0 |   734
           D:3 |       0 |     102 |   0.0 |       0 |      32 |   0.0 |   609
           D:4 |       0 |     343 |   0.0 |       0 |      18 |   0.0 |   658
           D:5 |       0 |    1241 |   0.0 |       0 |      30 |   0.0 |   931
           D:6 |       0 |     435 |   0.0 |       0 |      14 |   0.0 |   627
           D:7 |       0 |    1900 |   0.0 |       0 |      33 |   0.0 |   723
           D:8 |       0 |    1182 |   0.0 |       0 |       8 |   0.0 |   312
               +---------+---------+-------+---------+---------+-------+---------
